 Dungeon Crawl Stone Soup version 0.21-a0-630-g344d351 (webtiles) character file.

348 Firecrotchwizard the Shield-Bearer (level 6, 0/39 HPs)
             Began as a Gargoyle Fighter on Dec 26, 2017.
             Killed from afar by shmesh's ghost (9 damage)
             ... with a puff of flame
             ... on level 4 of the Dungeon.
             The game lasted 00:04:16 (2522 turns).

Firecrotchwizard the Shield-Bearer (GrFi)           Turns: 2522, Time: 00:04:17

Health: 0/39       AC: 14    Str: 20    XL:     6   Next: 60%
Magic:  6/6        EV:  5    Int:  8    God:
Gold:   137        SH:  9    Dex: 11    Spells: 5/5 levels left

rFire    . . .     SeeInvis .   a - +0 flail
rCold    . . .     Gourm    .   c - +0 shield
rNeg     + . .     Faith    .   r - +0 chain mail
rPois    ∞         Spirit   .   (no helmet)
rElec    +         Reflect  .   (no cloak)
rCorr    .         Harm     .   (no gloves)
MR       .....                  (no boots)
Stlth    ..........             e - amulet of rage {+Rage, !d}
HPRegen  0.13/turn              (no ring)
MPRegen  0.10/turn              (no ring)

@: no status effects
A: negative energy resistance 1, electricity resistance, unbreathing,
petrification resistance, rot immunity, AC +4
a: Evoke Berserk Rage


You were on level 4 of the Dungeon.
You were not hungry.

You visited 1 branch of the dungeon, and saw 4 of its levels.

You collected 137 gold pieces.

Inventory:

Hand Weapons
 a - a +0 flail (weapon)
Armour
 b - a +0 scale mail
 c - a +0 shield (worn)
 r - a +0 chain mail (worn)
   (You found it on level 3 of the Dungeon)
Magical Staves
 t - an uncursed staff of cold {unknown}
   (You found it on level 4 of the Dungeon)
Jewellery
 e - an amulet of rage (around neck) {+Rage, !d}
   (You found it on level 1 of the Dungeon)
Scrolls
 h - 2 scrolls of enchant armour {unknown}
 j - a scroll of fear {unknown}
 m - 2 scrolls of amnesia {unknown}
 n - 4 scrolls of identify {unknown}
 p - 3 scrolls of remove curse {unknown}
 q - 3 scrolls of teleportation {unknown}
 s - a scroll of magic mapping {unknown}
Potions
 d - a potion of might
 i - a potion of cancellation {unknown}
 k - 2 potions of agility {unknown}
 l - 2 potions of degeneration {unknown}
 o - a potion of flight {unknown}
Comestibles
 f - 7 rations {@e1}
 g - a chunk of flesh {@w0}


   Skills:
 + Level 4.5 Fighting
 * Level 4.4 Maces & Flails
 + Level 4.5 Armour
 + Level 4.5 Shields


You had 5 spell levels left.
You didn't know any spells.

Dungeon Overview and Level Annotations

Branches:
Dungeon (4/15)
 Temple: D:4-7

Altars:
Hepliaklqana
Ru

Annotations:
D:4 shmesh's ghost, amateur DsFE


Innate Abilities, Weirdness & Mutations

You are resistant to torment.
Your stone body is resilient. (AC +4)
You are immune to poison.
You resist negative energy. (rN+)
You are resistant to electric shocks. (rElec)
You can survive without breathing.
You are immune to petrification.
You are immune to rotting.


Message History

You closely miss shmesh's ghost.
Shmesh's ghost points at you and mumbles some strange words.
The puff of flame misses you.
You hit shmesh's ghost.
Shmesh's ghost hits you but does no damage.
You sock shmesh's ghost!
Shmesh's ghost hits you but does no damage.
You barely miss shmesh's ghost.
Shmesh's ghost points at you and mumbles some strange words.
The puff of flame hits you!
Shmesh's ghost hits you but does no damage.
You take 6 damage, and have 32/39 hp.
You miss shmesh's ghost. Shmesh's ghost barely misses you.
You miss shmesh's ghost.
Shmesh's ghost gestures at you while chanting.
The puff of flame hits you!
You take 10 damage, and have 22/39 hp.
MASSIVE DAMAGE!!
Your shield and chain mail prevent you from hitting shmesh's ghost.
You block shmesh's ghost's attack. x2
You closely miss shmesh's ghost. You block shmesh's ghost's attack.
Your chain mail prevents you from hitting shmesh's ghost.
Shmesh's ghost hits you but does no damage.
You hit shmesh's ghost but do no damage.
Shmesh's ghost hits you.
You take 1 damage, and have 22/39 hp.
You closely miss shmesh's ghost. Shmesh's ghost hits you.
Shmesh's ghost casts a spell at you. The puff of flame hits you!
* * * LOW HITPOINT WARNING * * *
You take 11 damage, and have 11/39 hp.
MASSIVE DAMAGE!!
Your shield prevents you from hitting shmesh's ghost.
You block shmesh's ghost's attack.
You hit shmesh's ghost.
Shmesh's ghost hits you but does no damage.
You sock shmesh's ghost! You block shmesh's ghost's attack.
You miss shmesh's ghost.
Shmesh's ghost screams, "Zot is a myth, the ORB is a fable, you'll soon be a tale!"
You block shmesh's ghost's attack.
You miss shmesh's ghost.
Shmesh's ghost says, "Don't worry, you'll be warm in a moment."
Shmesh's ghost gestures at you while chanting.
The puff of flame misses you. You block shmesh's ghost's attack.
Your shield and chain mail prevent you from hitting shmesh's ghost.
You block shmesh's ghost's attack.
Your chain mail prevents you from hitting shmesh's ghost.
Shmesh's ghost makes a sound of rattling chains.
Shmesh's ghost gestures at you while chanting.
The puff of flame misses you.
You closely miss shmesh's ghost.
Shmesh's ghost says, "You will never get the ORB!"
Shmesh's ghost hits you.
* * * LOW HITPOINT WARNING * * *
You take 2 damage, and have 10/39 hp.
You closely miss shmesh's ghost. You block shmesh's ghost's attack.
Shmesh's ghost hits you but does no damage.
You hit shmesh's ghost but do no damage.
Shmesh's ghost gestures at you while chanting.
The puff of flame hits you!
Your shield prevents you from hitting shmesh's ghost.
Shmesh's ghost hits you but does no damage.
Your shield and chain mail prevent you from hitting shmesh's ghost.
You block shmesh's ghost's attack.
Your chain mail prevents you from hitting shmesh's ghost.
Shmesh's ghost hits you but does no damage.
You hit shmesh's ghost but do no damage.
Shmesh's ghost hits you but does no damage.
Shmesh's ghost lets out a mournful wail.
Shmesh's ghost hits you but does no damage.
You closely miss shmesh's ghost.
Shmesh's ghost hits you but does no damage.
You hit shmesh's ghost but do no damage.
You block shmesh's ghost's attack.
You closely miss shmesh's ghost.
Shmesh's ghost hits you but does no damage. x2
You hit shmesh's ghost but do no damage.
Shmesh's ghost hits you but does no damage.
You hit shmesh's ghost but do no damage.
Shmesh's ghost hits you but does no damage.
You closely miss shmesh's ghost.
Shmesh's ghost hits you but does no damage.
You closely miss shmesh's ghost.
Shmesh's ghost says, "I love the smell of burning flesh."
Shmesh's ghost hits you but does no damage.
Shmesh's ghost hits you.
* * * LOW HITPOINT WARNING * * *
You take 2 damage, and have 10/39 hp.
You miss shmesh's ghost.
Shmesh's ghost hits you but does no damage.
You miss shmesh's ghost. You block shmesh's ghost's attack.
You miss shmesh's ghost.
Shmesh's ghost hits you but does no damage. x2
You miss shmesh's ghost. Shmesh's ghost hits you.
* * * LOW HITPOINT WARNING * * *
You take 2 damage, and have 9/39 hp.
You miss shmesh's ghost. Shmesh's ghost casts a spell at you.
The puff of flame hits you!
You die...

# ###################
#.................#
######.###############.#
.....#.# #.. #.#
####.#.# # #.#### #.#
#.#.# #.#.##.#..#.#.#
####.#.# #......@W...#.#
.....#.# ###.##.######.#
######.# #........#
#....# ########## #.####
###.# ....####.##
........... ##.......##


You could see shmesh's ghost.

Vanquished Creatures
  A phantom (D:4)
  A crimson imp (D:3)
  A worker ant (D:4)
  4 gnolls (D:2)
  8 adders
  A worm (D:4)
  3 dart slugs (D:1)
  3 leopard geckos
  6 orcs (D:3)
  6 bats
  4 giant cockroaches
  9 goblins
  4 hobgoblins
  9 jackals
  6 kobolds
  A quokka (D:3)
  A ball python skeleton (D:4)
  5 frilled lizards
  6 rats
79 creatures vanquished.

Notes
Turn   | Place    | Note
-------+----------+-------------------------------------------
     0 | D:1      | Firecrotchwizard the Gargoyle Fighter began the quest for the Orb.
     0 | D:1      | Reached XP level 1. HP: 14/14 MP: 1/1
    50 | D:1      | Reached XP level 2. HP: 17/19 MP: 2/2
   241 | D:1      | Reached XP level 3. HP: 23/23 MP: 3/3
   871 | D:2      | Found a sacrificial altar of Ru.
  1089 | D:2      | Reached skill level 3 in Maces & Flails
  1089 | D:2      | Reached XP level 4. HP: 24/29 MP: 4/4
  1481 | D:3      | Reached skill level 4 in Fighting
  1481 | D:3      | Reached skill level 4 in Armour
  1481 | D:3      | Reached skill level 4 in Shields
  1481 | D:3      | Reached XP level 5. HP: 33/33 MP: 5/5
  2000 | D:3      | Found a hazy altar of Hepliaklqana.
  2146 | D:4      | Reached skill level 4 in Maces & Flails
  2237 | D:4      | Noticed a phantom
  2265 | D:4      | Killed a phantom
  2265 | D:4      | Reached XP level 6. HP: 29/39 MP: 6/6
  2482 | D:4      | Noticed shmesh's ghost (amateur DsFE)
  2521 | D:4      | HP: 9/39 [shmesh's ghost (2)]
  2522 | D:4      | Killed from afar by shmesh's ghost

Vault maps used:
D:1:      dpeg_arrival_simpleton_b, lemuel_flame_loot_1
D:2:      nicolae_ru_awakened_eye, first_ration
D:3:      marbit_many_paths, amethyst_killhole
D:4:      kennysheep_mini, kennysheep_okawaru_gauntlet

Skill      XL: |  1  2  3  4  5 |
---------------+----------------+-----
Maces & Flails | 3 4 |  4.4
Fighting       | 4 |  4.5
Armour         | 4 |  4.5
Shields        | 4 |  4.5

Action                   |  1- 3 |  4- 6 || total
-------------------------+-------+-------++-------
Melee: Flail             |   156 |   239 ||   395
  Eat: Chunk             |     1 |     5 ||     6
Armor: Scale mail        |    97 |    43 ||   140
       Chain mail        |       |   102 ||   102
Dodge: Dodged            |    52 |    56 ||   108
Block: Shield            |   105 |   134 ||   239

Table legend:
 A = Spawn XP
 B = Non-spawn XP
 C = Spawn XP percentage of total XP
 D = Spawn monster count
 E = Non-spawn monster count
 F = Spawn count percentage of total count
 G = Total turns spent on level
                    A         B        C        D         E        F      G
               +---------+---------+-------+---------+---------+-------+---------
         Total |       0 |     498 |   0.0 |       0 |      79 |   0.0 |  2522
               +---------+---------+-------+---------+---------+-------+---------
           D:1 |       0 |      55 |   0.0 |       0 |      27 |   0.0 |   719
           D:2 |       0 |      96 |   0.0 |       0 |      13 |   0.0 |   759
           D:3 |       0 |     145 |   0.0 |       0 |      32 |   0.0 |   607
           D:4 |       0 |     202 |   0.0 |       0 |       7 |   0.0 |   437
               +---------+---------+-------+---------+---------+-------+---------

Vault maps used:
D:1:      dpeg_arrival_simpleton_b, lemuel_flame_loot_1
D:2:      nicolae_ru_awakened_eye, first_ration
D:3:      marbit_many_paths, amethyst_killhole
D:4:      kennysheep_mini, kennysheep_okawaru_gauntlet

Table legend:
 A = Turns spent in this place as a percentage of turns spent in the entire game.
 B = Non-inter-level travel turns spent in this place as a percentage of non-inter-level travel turns spent in the entire game.
 C = Inter-level travel turns spent in this place as a percentage of turns spent in this place.
 D = Turns resting spent in this place as a percentage of non-inter-level travel turns spent in this place.
 E = Turns spent auto-exploring this place as a percentage of non-inter-level travel turns spent in this place.
 F = Non-inter-level travel turns spent in this place divided by the number of levels of this place that you've seen.
                   A       B       C       D       E      F
               +-------+-------+-------+-------+-------+----------------------
         Total | 100.0 | 100.0 |   4.8 |  14.7 |  59.7 | 600.2
       Dungeon | 100.0 | 100.0 |   4.8 |  14.7 |  59.7 | 600.2
               +-------+-------+-------+-------+-------+----------------------

Table legend:
 A = Kills in this place as a percentage of kills in entire the game.
 B = Kills by you in this place as a percentage of kills by you in the entire game.
 C = Kills by friends in this place as a percentage of kills by friends in the entire game.
 D = Other kills in this place as a percentage of other kills in the entire game.
 E = Experience gained in this place as a percentage of experience gained in the entire game.
 F = Experience gained in this place divided by the number of levels of this place that you have seen.
                   A       B       C       D       E      F
               +-------+-------+-------+-------+-------+----------------------
         Total | 100.0 | 100.0 |   N/A |   N/A | 100.0 | 124.5
       Dungeon | 100.0 | 100.0 |   N/A |   N/A | 100.0 | 124.5
               +-------+-------+-------+-------+-------+----------------------
